[Event "Early-Titled-Tuesday-Blitz-April-02-2024"]
[Site "Chess.com"]
[Date "2024.04.02"]
[Round "5"]
[White "WiktoriaPOL"]
[Black "wqws"]
[Result "0-1"]
[WhiteElo "2344"]
[BlackElo "2729"]
[TimeControl "180+1"]
[EndTime "8:55:32 PDT"]
[Termination "wqws won by resignation"]

1. c4 Nf6 2. Nc3 g6 3. g3 Bg7 4.
Bg2 O-O 5. e4 d6 6. Nge2 c5 7.
O-O Nc6 8. d3 h5 9. h3 a6 10.
Be3 Rb8 11. a4 Bd7 12. d4 cxd4 13. Nxd4 Qc8 14. b3 Bxh3 15. Rc1 Bxg2 16. Kxg2 Nxd4 17. Bxd4 Qe6 18. Qd3 h4 19. gxh4 Nh5 20. Ne2 Qg4+ 21. Kh2 Qxh4+ 22. Qh3 Qxe4 23. Bxg7 Kxg7 24. Qc3+ Nf6 25.
Ng3 Rh8+ 26. Kg1 Qf4 27. Kg2 Rh6 28. Rh1 Rbh8 29. Rxh6 Rxh6 30. Rg1 Qg4 31. Kf1 Rh2 32. Qd3 Qf4 33. Qc2 Ng4 34. Qc3+ e5 35. f3 Ne3+ 36.
Qxe3 Qxe3 37. Nf5+ Kf6 38. Nxe3 Rb2 39. b4 Ke6 40.
Nd5 Rc2 41. Nb6 Kf5 42. Rg2 Rc1+ 43. Kf2 Rb1 44. b5 a5 45. Kg3 Rb3 46. Rd2 Ke6 47. Kf2 f5 48. Nc8 e4 49. Rxd6+ Ke5 50. Rd5+ Kf4 51.
fxe4 fxe4 52. Rd2 e3+ 53. Ke2 exd2 54. Kxd2 g5 55. c5 g4 56. c6 bxc6 57. bxc6 Rb4 58. Nd6 Rd4+ 59. Ke2 Rxd6 60. c7 Rc6 61. Kf2 Rxc7 0-1

[Event "Early-Titled-Tuesday-Blitz-April-02-2024"]
[Site "Chess.com"]
[Date "2024.04.02"]
[Round "5"]
[White "FairChess_on_YouTube"]
[Black "viviania"]
[Result "1-0"]
[WhiteElo "3087"]
[BlackElo "2896"]
[TimeControl "180+1"]
[EndTime "8:55:33 PDT"]
[Termination "FairChess_on_YouTube won on time"]

1. e4 e5 2. Nf3 Nc6 3. Nc3 Nf6 4. d4 exd4 5. Nxd4 Bb4 6. Nxc6 bxc6 7. Bd3 d6 8. O-O Ng4 9. Qf3 O-O 10. Qg3 h5 11. h3 h4 12. Qf4 Ne5 13. Be3 Bxc3 14.
bxc3 c5 15. Be2 Be6 16. Qh2 Bc4 17. Rae1 Re8 18. Bc1 Bxe2 19. Rxe2 Qf6 20. f4 Nc4 21. e5 Qf5 22. g4 hxg3 23. Qg2 Rad8 24. Rf3 dxe5 25.
Rxg3 Rd1+ 26. Kh2 Rxc1 27. Rxg7+ Kf8 28. Re4 Ne3 29. Rg8+ Ke7 30. Rxe8+ Kxe8 31. Rxe5+ Kd7 32. Qd2+ Kc6 33. Qxe3 1-0

[Event "Early-Titled-Tuesday-Blitz-April-02-2024"]
[Site "Chess.com"]
[Date "2024.04.02"]
[Round "5"]
[White "chess123456s"]
[Black "ccccvhhhj"]
[Result "1-0"]
[WhiteElo "2596"]
[BlackElo "2421"]
[TimeControl "180+1"]
[EndTime "8:55:33 PDT"]
[Termination "chess123456s won on time"]

1. d4 e6 2. e4 d5 3. Nc3 Bb4 4. e5 c5 5. a3 Bxc3+ 6. bxc3 Ne7 7. Qg4 Kf8 8. h4 Qa5 9. Bd2 Qa4 10. h5 h6 11. Rh3 Nbc6 12. Nf3 b6 13. Bd3 Ba6 14. Qf4 Bxd3 15. cxd3 Rc8 16. dxc5 Qxf4 17. Bxf4 bxc5 18. Rb1 Ke8 19. Be3 c4 20. dxc4 Kd7 21. cxd5 Nxd5 22. Bd2 Rb8 23. Rd1 Ke7 24. Rg3 Rhg8 25. c4 Nb6 26. Rg4 Na4 27. Be3 Rgd8 28. Rxd8 Nxd8 29. Rxg7 Rb1+ 30. Kd2 Nc6 31. g4 Rb2+ 32. Kd3 Rb3+ 33. Ke2 Nc3+ 34. Kf1 Ne4 35. g5 hxg5 36. h6 Rb8 37.
Nxg5 Nxg5 38. Bxg5+ 1-0

[Event "Early-Titled-Tuesday-Blitz-April-02-2024"]
[Site "Chess.com"]
[Date "2024.04.02"]
[Round "5"]
[White "Antosha_Chekhonte"]
[Black "David_ATM"]
[Result "1-0"]
[WhiteElo "2590"]
[BlackElo "2416"]
[TimeControl "180+1"]
[EndTime "8:55:33 PDT"]
[Termination "Antosha_Chekhonte won on time"]

1. e4 e5 2. Nf3 Nc6 3. Nc3 Nf6 4. d4 d6 5. dxe5 Nxe5 6. Nxe5 dxe5 7. Qxd8+ Kxd8 8. Bc4 Be6 9. Bxe6 fxe6 10. f3 Bb4 11. Bd2 Ke7 12. Ke2 Rhd8 13. a3 Ba5 14. b4 Bb6 15. Na4 Rd7 16. Rhc1 Rd6 17. Nb2 Rc6 18. Nd3 Nd7 19. a4 a6 20. Rab1 Kf6 21. c4 Bd4 22. b5 Rc5 23. Nxc5 Nxc5 24. a5 h6 25. Bb4 Nd7 26. Bc3 Nc5 27. bxa6 Rxa6 28. Rb5 Rc6 29. Bb2 Ke7 30. Rd1 Bxb2 31. Rxb2 Nd7 32. Rxb7 Rxc4 33.
Ra1 Nc5 34. Rxc7+ Kd6 35. Rxg7 Rc2+ 36. Ke3 Rc3+ 37. Kf2 Rc2+ 38. Kg3 Nd3 39. a6 Nf4 40. Kh4 Rc8 41. g3 Ne2 42. a7 Ra8 43. Rb7 Nd4 44. Rb8 1-0

[Event "Early-Titled-Tuesday-Blitz-April-02-2024"]
[Site "Chess.com"]
[Date "2024.04.02"]
[Round "5"]
[White "MNyuyu"]
[Black "vladgoncharov"]
[Result "1-0"]
[WhiteElo "2402"]
[BlackElo "2571"]
[TimeControl "180+1"]
[EndTime "8:55:33 PDT"]
[Termination "MNyuyu won on time"]

1. d4 Nf6 2. Nf3 e6 3. Bg5 c5 4. e3 Qb6 5. Bxf6 Qxb2 6. Nbd2 gxf6 7. Bd3 cxd4 8. exd4 Nc6 9. d5 Nb4 10. dxe6 Nxd3+ 11. cxd3 dxe6 12. O-O Be7 13. Qe2 O-O 14. Rab1 Qxa2 15. Qe4 Qd5 16. Qh4 b6 17. Ne4 Qf5 18. Ng3 Qg6 19. Qa4 Bb7 20. Qd7 Bxf3 21. gxf3 Bc5 22.
Kh1 Kh8 23. Rg1 a5 24. Ne4 Qf5 25. Rg3 Rad8 26. Qb7 Rxd3 27. Nxc5 bxc5 28. Qe7 Rdd8 29. Rbg1 c4 30. Qa3 Rc8 31. Qc3 Qe5 32. Qd2 c3 33.
Qh6 Rg8 34. Qxh7+ 1-0

[Event "Early-Titled-Tuesday-Blitz-April-02-2024"]
[Site "Chess.com"]
[Date "2024.04.02"]
[Round "5"]
[White "only_strong_moves"]
[Black "mishanick"]
[Result "1-0"]
[WhiteElo "2734"]
[BlackElo "3026"]
[TimeControl "180+1"]
[EndTime "8:55:37 PDT"]
[Termination "only_strong_moves won on time"]

1. Nc3 d5 2. e4 c6 3. d4 dxe4 4.
Nxe4 Bf5 5. Ng3 Bg6 6. h4 h6 7.
Nf3 Nd7 8. h5 Bh7 9. Bd3 Bxd3 10. Qxd3 e6 11. Bd2 Ngf6 12. O-O-O Bd6 13. Ne4 Nxe4 14. Qxe4 Nf6 15. Qe2 Qb6 16. Ne5 Qxd4 17. Nc4 Bf4 18. g3 Bxd2+ 19. Rxd2 Qg4 20. Nd6+ Ke7 21. f3 Qb4 22. a3 Qb6 23. Re1 Rhd8 24. Qe5 Kf8 25. g4 Nh7 26. f4 Nf6 27. g5 Ng4 28. Qc3 c5 29. gxh6 Nxh6 30. Rg1 f6 31. Rxg7 e5 32. Rh7 Rxd6 33. Rxh6 Rad8 34. Rh8+ Ke7 35. Rh7+ Ke8 36. Qg3 1-0

[Event "Early-Titled-Tuesday-Blitz-April-02-2024"]
[Site "Chess.com"]
[Date "2024.04.02"]
[Round "5"]
[White "Gennady_Kozlov"]
[Black "Onischuk_V"]
[Result "0-1"]
[WhiteElo "2623"]
[BlackElo "2825"]
[TimeControl "180+1"]
[EndTime "8:55:37 PDT"]
[Termination "Onischuk_V won by resignation"]

1. b3 Nf6 2. Bb2 g6 3. e3 Bg7 4. f4 O-O 5. Nf3 d6 6. Be2 Nc6 7. O-O e5 8. fxe5 Ng4 9. Nc3 Ngxe5 10. Nxe5 dxe5 11. Bc4 Qe7 12. Qe2 Be6 13. d3 a6 14.
a4 Rfd8 15. Rab1 h6 16. Qf3 Rd7 17. Bxe6 Qxe6 18. Ne4 Qe7 19. Ra1 f5 20. Ba3 fxe4 21. Qxe4 Qe6 22. Rf3 Rf7 23. Raf1 Rxf3 24. Rxf3 Rd8 25. d4 Qd7 26. Qxg6 exd4 27. Qg3 dxe3 28. Rxe3 Qd1+ 29. Re1 Qxc2 30. Qg4 Qxb3 31. Bc1 Kh8 32.
h4 Qc3 33. Qe2 Nd4 34. Qe7 Nc6 35. Qe2 Qd4+ 36. Be3 Qxh4 37. Bf2 Qxa4 38. Qh5 Qf4 39. g3 Qg5 40. Qh3 Ne5 41. Re4 Qg6 42. Rf4 Nd3 43. Rg4 Qf6 44. Be3 Ne5 45. Rf4 Rd1+ 46. Kg2 Qc6+ 47. Kf2 Qc2+ 0-1

[Event "Early-Titled-Tuesday-Blitz-April-02-2024"]
[Site "Chess.com"]
[Date "2024.04.02"]
[Round "5"]
[White "HATilay"]
[Black "viktorgen2021"]
[Result "0-1"]
[WhiteElo "2598"]
[BlackElo "2499"]
[TimeControl "180+1"]
[EndTime "8:55:38 PDT"]
[Termination "viktorgen2021 won by checkmate"]

1. e4 g6 2. d4 Bg7 3. Nc3 d6 4.
Be3 c6 5. f3 Nd7 6. Qd2 b5 7.
h4 h5 8. Nh3 Nb6 9. Nf2 Nc4 10.
Bxc4 bxc4 11. O-O-O Rb8 12. Kb1 Nf6 13. Ka1 Qb6 14. Rb1 Qa6 15. Rhe1 O-O 16. Bh6 e5 17. Bxg7 Kxg7 18. dxe5 dxe5 19. Qg5 Qa5 20. Re3 Be6 21. f4 Ng4 22. Nxg4 Bxg4 23. f5 Qc5 24. Rg3 Qf2 25. Rxg4 hxg4 26. h5 Rh8 27. hxg6 f6 28. Qxg4 Qxc2 29.
Qf3 Rh1 30. Nd1 Rxb2 31. Rxb2 Rxd1+ 32. Qxd1 Qxd1+ 33. Rb1 Qd4+ 34. Rb2 Kh6 35. Kb1 Qd1# 0-1

[Event "Early-Titled-Tuesday-Blitz-April-02-2024"]
[Site "Chess.com"]
[Date "2024.04.02"]
[Round "5"]
[White "Ralf61"]
[Black "Shiner22"]
[Result "1-0"]
[WhiteElo "2530"]
[BlackElo "2310"]
[TimeControl "180+1"]
[EndTime "8:55:39 PDT"]
[Termination "Ralf61 won by resignation"]

1. Nf3 c5 2. c4 Nc6 3. Nc3 Nd4 4. e3 Nxf3+ 5. Qxf3 g6 6. b3 Bg7 7. Bb2 d6 8. g4 Rb8 9. Bg2 h5 10. g5 Bd7 11. h4 a6 12. Rb1 e5 13. Nd5 Bg4 14. Qg3 Ne7 15. f3 Nxd5 16. cxd5 Bf5 17. e4 Bd7 18. f4 exf4 19. Qxf4 Bxb2 20. Rxb2 Qe7 21.
O-O O-O 22. Qf6 Rbe8 23. Qxe7 Rxe7 24. Rf6 Kg7 25. Rxd6 f6 26. d3 fxg5 27. hxg5 Bb5 28. Rd2 Re5 29. a4 Be8 30. Rb6 Rf7 31. Rf2 Rd7 32.
Rff6 Rxg5 33. Kf2 Re5 34. Bh3 Rf7 35. Rxf7+ Kxf7 36. Rxb7+ Kf6 37. d6 g5 38. d7 Bxd7 39.
Bxd7 g4 40. Bf5 Kg5 41. Rg7+ Kf4 42. Rh7 g3+ 43. Kg2 c4 44. bxc4 Ra5 45. Bd7 Rxa4 46. Bxa4 1-0

[Event "Early-Titled-Tuesday-Blitz-April-02-2024"]
[Site "Chess.com"]
[Date "2024.04.02"]
[Round "5"]
[White "wild3000"]
[Black "yuriydovzik"]
[Result "1-0"]
[WhiteElo "2368"]
[BlackElo "2117"]
[TimeControl "180+1"]
[EndTime "8:55:41 PDT"]
[Termination "wild3000 won on time"]

1. e4 c6 2. d4 Na6 3. Bxa6 Qa5+ 4. c3 Qxa6 5. Qe2 Qxe2+ 6. Nxe2 b6 7. O-O a5 8. Re1 Ba6 9. f4 e6 10. Ng3 g6 11. e5 d5 12. exd6 Bxd6 13. Ne4 Be7 14.
Nbd2 Nf6 15. Nxf6+ Bxf6 16. Nf3 O-O 17. Be3 Bc4 18.
b3 Bd5 19. Ne5 b5 20. Nd7 Be7 21. Nxf8 Bxf8 22. Rac1 Ba3 23. Rc2 Be4 24. Rd2 Bf8 25. Bf2 Bd5 26. Rc2 f5 27. Bh4 Bd6 28. g3 Kf7 29. Kf2 h6 30. c4 Be4 31. Rxe4 fxe4 32. Ke3 a4 33. Kxe4 axb3 34. axb3 Ra3 35. Rb2 Ra1 36.
g4 Rf1 37. Bg3 Rc1 38. cxb5 cxb5 39. Ra2 Rc3 40. Ra7+ Kf8 41. Rd7 Be7 42. b4 Rb3 43. f5 gxf5+ 44. gxf5 exf5+ 45. Kxf5 Rxb4 46. Be5 Rb1 47. Rb7 Rf1+ 48. Ke6 1-0

[Event "Early-Titled-Tuesday-Blitz-April-02-2024"]
[Site "Chess.com"]
[Date "2024.04.02"]
[Round "5"]
[White "Maxfan2008"]
[Black "MarijaKuznecova"]
[Result "1-0"]
[WhiteElo "2588"]
[BlackElo "2413"]
[TimeControl "180+1"]
[EndTime "8:55:42 PDT"]
[Termination "Maxfan2008 won by resignation"]

1. d4 Nf6 2. c4 c5 3. d5 b5 4. cxb5 a6 5. bxa6 g6 6. Nc3 Bg7 7. g3 O-O 8. Bg2 Qa5 9. Nf3 d6 10. O-O Bxa6 11. Ne1 Nbd7 12. Nc2 Rfb8 13. Ne3 Ne8 14.
Qc2 Qb4 15. Rd1 Nc7 16. h4 Nb5 17. Nxb5 Qxb5 18. Bf1 c4 19. Rb1 Nc5 20. Bd2 Bxb2 21. Nxc4 Qxc4 22. Rxb2 Rxb2 23. Qxb2 Qxd5 24. Bg2 Ne4 25.
Kh2 f5 26. Bh6 Qe5 27. Qb3+ e6 28. Bf4 Qf6 29. Bxe4 fxe4 30. Rxd6 Bxe2 31. Rxe6 Qf7 32. Qd5 Ra4 33. Re8+ Kg7 34. Be5+ 1-0

[Event "Early-Titled-Tuesday-Blitz-April-02-2024"]
[Site "Chess.com"]
[Date "2024.04.02"]
[Round "5"]
[White "Meri-Arabidze"]
[Black "Vse_po_kaify"]
[Result "1-0"]
[WhiteElo "2690"]
[BlackElo "2491"]
[TimeControl "180+1"]
[EndTime "8:55:43 PDT"]
[Termination "Meri-Arabidze won by resignation"]

1. Nf3 c5 2. c4 Nc6 3. g3 e5 4. d3 g6 5. Bg2 Bg7 6. Nc3 d6 7. a3 Nge7 8. Rb1 O-O 9. b4 f5 10. Bd2 Rb8 11. bxc5 dxc5 12. O-O h6 13. Qc1 Kh7 14.
Nd5 Be6 15. e4 fxe4 16. dxe4 Bg4 17. Rb3 Bxf3 18. Rxf3 Nd4 19. Rxf8 Qxf8 20. Qd1 Nxd5 21. exd5 Qf5 22. Qb1 Nf3+ 23. Bxf3 Qxf3 24. Be3 b6 25. Qb5 h5 26. h4 Rf8 27. d6 e4 28. Qd7 Rf7 29. Qe8 Rf8 30. d7 Qf6 31. Bg5 Qf3 32.
d8=Q Rxe8 33. Qxe8 Bd4 34. Qd7+ Kg8 35. Qe6+ Kh7 36.
Bf4 a6 37. a4 a5 38. Qf7+ Kh8 39. Qe8+ Kh7 40. Qf7+ Kh8 41. Qxg6 e3 42. Qh6+ Kg8 43. Bxe3 Bxe3 44. Qxe3 1-0

[Event "Early-Titled-Tuesday-Blitz-April-02-2024"]
[Site "Chess.com"]
[Date "2024.04.02"]
[Round "5"]
[White "MasterKroket"]
[Black "KnightmareJoker"]
[Result "1-0"]
[WhiteElo "2565"]
[BlackElo "2328"]
[TimeControl "180+1"]
[EndTime "8:55:43 PDT"]
[Termination "MasterKroket won on time"]

1. e4 e5 2. Nf3 Nc6 3. Bb5 a6 4. Ba4 Nf6 5. O-O b5 6. Bb3 Bc5 7. c3 d6 8. d4 Bb6 9. h3 Bb7 10. Re1 h6 11. a4 O-O 12. Na3 b4 13. Nc4 Re8 14. Nxb6 cxb6 15. d5 Ne7 16. cxb4 Ng6 17. Nh2 b5 18. a5 Nh7 19. Be3 Rf8 20. Rc1 Rc8 21. Qg4 Nf6 22. Qf3 Nh4 23. Qe2 Qd7 24. f3 Ng6 25. Qd2 Nh5 26. Ng4 Nhf4 27. g3 Nxh3+ 28.
Kg2 f5 29. exf5 Qxf5 30. Bxh6 Qxf3+ 31. Kxh3 Rxc1 32. Rxc1 Nf4+ 33. Bxf4 exf4 34. Qg2 Qxb3 35. Rc7 Bxd5 36. Qg1 fxg3 37. Qd4 g2+ 38. Kh4 1-0

[Event "Early-Titled-Tuesday-Blitz-April-02-2024"]
[Site "Chess.com"]
[Date "2024.04.02"]
[Round "5"]
[White "AlexanderKing"]
[Black "Fengwi"]
[Result "1-0"]
[WhiteElo "2616"]
[BlackElo "2329"]
[TimeControl "180+1"]
[EndTime "8:55:43 PDT"]
[Termination "AlexanderKing won on time"]

1. c4 c5 2. g3 Nc6 3. Bg2 g6 4. Nf3 Bg7 5. O-O e5 6. Nc3 Nge7 7. a3 a6 8. b4 cxb4 9. axb4 Nxb4 10. Ba3 Nbc6 11. Ne4 O-O 12. Nd6 b5 13. cxb5 axb5 14.
Ng5 b4 15. Bb2 Rxa1 16. Qxa1 h6 17. Ngxf7 Qa5 18. Qxa5 Nxa5 19. Nxe5 Nb3 20. d3 Ba6 21. Be4 Nd2 22. Ra1 Nxe4 23. Nxe4 Bb7 24. Nd6 Bd5 25.
Ra7 Be6 26. Ndc4 Nd5 27. e4 Nc3 28. Rb7 Ne2+ 29. Kf1 Nc3 30. Rxb4 Bh3+ 31. Ke1 Na2 32. Rb7 Ra8 33. f4 g5 34. f5 h5 35. Rxd7 g4 36.
Ke2 Bh6 37. Rb7 1-0

[Event "Early-Titled-Tuesday-Blitz-April-02-2024"]
[Site "Chess.com"]
[Date "2024.04.02"]
[Round "5"]
[White "NovakRatko"]
[Black "Navyblue1"]
[Result "1-0"]
[WhiteElo "2447"]
[BlackElo "2274"]
[TimeControl "180+1"]
[EndTime "8:55:44 PDT"]
[Termination "NovakRatko won by resignation"]

1. d4 Nf6 2. c4 g6 3. Nc3 Bg7 4. e4 d6 5. f3 O-O 6. Be3 c5 7. dxc5 dxc5 8. Qxd8 Rxd8 9. Bxc5 Nc6 10. Nd5 e6 11. Ne7+ Nxe7 12. Bxe7 Rd7 13. Ba3 b6 14. Rd1 Rxd1+ 15. Kxd1 Bb7 16. b3 Rd8+ 17. Kc2 Nxe4 18. Nh3 Rd2+ 19. Kb1 Nc3+ 20. Kc1 Rd7 21. Kc2 Nxa2 22.
Bd3 Bf8 23. Bxf8 Kxf8 24. Be2 Nb4+ 25. Kc3 a5 26. Nf2 f5 27. h4 Kg7 28. h5 h6 29.
hxg6 Kxg6 30. Nh3 e5 31. Re1 Kf6 32. Bf1 Rd6 33. Nf2 Rd7 34. Be2 Rg7 35. g4 Bc8 36. Rd1 Ke7 37. Rh1 Rg6 38. Rh5 fxg4 39. Rxe5+ Kd6 40. Rb5 Kc7 41. fxg4 Bd7 42. Re5 Kd6 43.
Rh5 Rf6 44. Ne4+ Ke7 45. Nxf6 Kxf6 46. Rxh6+ Kg5 47. Rxb6 Bxg4 48. Bxg4 Kxg4 49. Rb5 Kf3 50. Rxa5 1-0

[Event "Early-Titled-Tuesday-Blitz-April-02-2024"]
[Site "Chess.com"]
[Date "2024.04.02"]
[Round "5"]
[White "JoshWeinstein"]
[Black "aljado"]
[Result "1/2-1/2"]
[WhiteElo "2366"]
[BlackElo "2157"]
[TimeControl "180+1"]
[EndTime "8:55:44 PDT"]
[Termination "Game drawn by repetition"]

1. e4 c5 2. Nc3 Nc6 3. Bc4 e6 4. d3 a6 5. a4 g6 6. f4 Bg7 7. Nf3 Nge7 8. O-O d5 9. exd5 exd5 10. Bb3 O-O 11. Ne2 Bg4 12. c3 Re8 13. h3 Be6 14.
d4 c4 15. Bc2 Nf5 16. g4 Nh4 17. Ng3 Nxf3+ 18. Qxf3 Qh4 19. f5 Bd7 20. f6 Bf8 21.
Bf4 Re6 22. g5 Qxh3 23. Qxd5 Rd8 24. Qg2 Qxg2+ 25. Kxg2 Na5 26. Rh1 Rde8 27. Kf2 Bc6 28. Rh4 Bd5 29. Rf1 Nc6 30. Bd1 Na5 31. Bg4 Rb6 32. Rb1 Nb3 33. Bf3 Bxf3 34. Kxf3 Bd6 35. Rbh1 Bxf4 36. Kxf4 h5 37. gxh6 Kh7 38. Ne4 Nd2 39.
Ng5+ Kh8 40. Nxf7+ Kh7 41. Ng5+ Kh8 42. h7 Rxf6+ 43.
Kg3 Re3+ 44. Kg2 Re2+ 45. Kg3 Re3+ 46. Kg2 Re2+ 47. Kg3 Re3+ 1/2-1/2

[Event "Early-Titled-Tuesday-Blitz-April-02-2024"]
[Site "Chess.com"]
[Date "2024.04.02"]
[Round "5"]
[White "GOGIEFF"]
[Black "vladislavkovalev"]
[Result "1-0"]
[WhiteElo "3022"]
[BlackElo "2884"]
[TimeControl "180+1"]
[EndTime "8:55:45 PDT"]
[Termination "GOGIEFF won on time"]

1. c4 Nf6 2. Nc3 g6 3. d4 Bg7 4. e4 d6 5. Be2 O-O 6. Nf3 e5 7.
O-O exd4 8. Nxd4 Re8 9. f3 Nc6 10. Be3 Nh5 11. Re1 Be5 12. Nxc6 bxc6 13. g3 c5 14. Qd2 Bb7 15. Rad1 Qf6 16. Bg5 Qg7 17. Kg2 Bxc3 18. bxc3 Re6 19. g4 Nf6 20. Bh6 Qh8 21. Bd3 Rae8 22. h4 Nd7 23. h5 Ne5 24. Be2 Qf6 25. Bg5 Qg7 26. Rh1 Nxg4 27. Rh4 Ne5 28. Kf2 f6 29. Bh6 Qf7 30. hxg6 Nxg6 31. Rg1 f5 32.
Qe3 Kh8 33. Rh5 fxe4 34. f4 Ne7 35. Bg7+ Qxg7 36. Rxg7 Kxg7 37. f5 Rf8 38. Bg4 Ref6 39. Qg5+ Kh8 40. Qh4 R8f7 41. Rxh7+ Rxh7 42. Qxf6+ Kg8 43. Qe6+ Rf7 44. Bh5 1-0

[Event "Early-Titled-Tuesday-Blitz-April-02-2024"]
[Site "Chess.com"]
[Date "2024.04.02"]
[Round "5"]
[White "Boxerandchessplayer"]
[Black "KononenkoD"]
[Result "0-1"]
[WhiteElo "2201"]
[BlackElo "2621"]
[TimeControl "180+1"]
[EndTime "8:55:45 PDT"]
[Termination "KononenkoD won by resignation"]

1. d4 Nf6 2. c4 c5 3. d5 b5 4. cxb5 a6 5. bxa6 g6 6. Nc3 Bg7 7. e4 O-O 8. Nf3 Qa5 9. Bd2 Bxa6 10. Bxa6 Qxa6 11. Qe2 Qxe2+ 12. Kxe2 e6 13. dxe6 fxe6 14. Be3 Na6 15. Rhd1 Rfb8 16. Rab1 Rb7 17. e5 Ng4 18. Bf4 Nb4 19. h3 Nh6 20. a3 Nc6 21. Ne4 Ra5 22. Nd6 Rb3 23. Nc4 Ra7 24. Rd3 Rxd3 25. Kxd3 Nf5 26. Rd1 Rb7 27. Kc3 d5 28. Nd6 Nxd6 29.
Kc2 Nc4 30. Bc1 N4xe5 31. Nxe5 Bxe5 32. f4 Bf6 33. Re1 c4 34. g4 Kf7 35. Kb1 Bxb2 36. Bxb2 c3 37. Re2 d4 38. Ka1 cxb2+ 39. Rxb2 Rxb2 40.
Kxb2 e5 41. fxe5 Ke6 42. a4 Kxe5 43. Kb3 Kd5 44. g5 Kc5 45. h4 Kd5 46. Kc2 Kc4 47.
Kd2 d3 48. Kd1 Kc3 49. Kc1 d2+ 50. Kd1 Na5 51. h5 gxh5 52. g6 hxg6 0-1

[Event "Early-Titled-Tuesday-Blitz-April-02-2024"]
[Site "Chess.com"]
[Date "2024.04.02"]
[Round "5"]
[White "sokidze"]
[Black "Macron20hTF1"]
[Result "1-0"]
[WhiteElo "2794"]
[BlackElo "2579"]
[TimeControl "180+1"]
[EndTime "8:55:46 PDT"]
[Termination "sokidze won by resignation"]

1. e4 e6 2. d4 d5 3. Nd2 c5 4.
exd5 Qxd5 5. Ngf3 cxd4 6. Bc4 Qd6 7. O-O Nf6 8. Nb3 Nc6 9. Nbxd4 Nxd4 10. Nxd4 Be7 11.
Re1 O-O 12. c3 e5 13. Nf3 Qxd1 14. Rxd1 e4 15. Ne5 Ng4 16. Bf4 Bc5 17. Nxg4 Bxg4 18. Re1 Rfe8 19. Bd5 e3 20. Bxe3 Bxe3 21. Rxe3 Rxe3 22.
fxe3 Rd8 23. Bxb7 Rb8 24. Bd5 Rxb2 25. c4 Kf8 26. Rf1 f6 27. Rf4 Bd7 28. c5 Bb5 29. a4 Ba6 30. Re4 Rc2 31. c6 Rc1+ 32. Kf2 Rc2+ 33. Kg3 Bf1 34. Rb4 Ke7 35. Rb7+ Kd6 36. Rd7+ Ke5 37. Bf3 Ba6 38. Rxg7 Rc1 39. Rxa7 Bd3 40. Rd7 Kf5 41. Rxd3 1-0

[Event "Early-Titled-Tuesday-Blitz-April-02-2024"]
[Site "Chess.com"]
[Date "2024.04.02"]
[Round "5"]
[White "LornerAcosta"]
[Black "ragnaroek66"]
[Result "0-1"]
[WhiteElo "2600"]
[BlackElo "2506"]
[TimeControl "180+1"]
[EndTime "8:55:46 PDT"]
[Termination "ragnaroek66 won by resignation"]

1. Nf3 d5 2. e3 Nf6 3. c4 e6 4. b3 Bd6 5. Bb2 dxc4 6. bxc4 O-O 7. Qc2 Re8 8. Nc3 Nc6 9. a3 e5 10. Ng5 Bf8 11. Be2 h6 12. h4 g6 13. Nge4 Nxe4 14. Nxe4 f5 15. Nc3 h5 16. O-O-O Bg7 17. Nd5 Ne7 18. Nc3 c6 19. d4 exd4 20. exd4 Qa5 21. Rhe1 Be6 22. Bf1 Bf7 23. Kb1 Rad8 24. Ne2 b5 25.
Nf4 Rb8 26. cxb5 cxb5 27. d5 Bxb2 28. Qxb2 b4 29. a4 Qxa4 30. d6 Nc6 31. Rxe8+ Rxe8 32. Rc1 Nd4 33. Bd3 b3 34. d7 Qxd7 35. Rd1 Qa4 36.
Bf1 Rd8 37. f3 Qa2+ 38. Qxa2 bxa2+ 39. Kb2 Rb8+ 40. Kc3 Rc8+ 41. Kxd4 Rd8+ 42. Kc3 Rxd1 0-1

[Event "Early-Titled-Tuesday-Blitz-April-02-2024"]
[Site "Chess.com"]
[Date "2024.04.02"]
[Round "5"]
[White "FREDERICKtheMATE"]
[Black "Midgardsormur"]
[Result "1-0"]
[WhiteElo "2684"]
[BlackElo "2459"]
[TimeControl "180+1"]
[EndTime "8:55:47 PDT"]
[Termination "FREDERICKtheMATE won by resignation"]

1. d4 Nf6 2. c4 g6 3. Nc3 Bg7 4. e4 d6 5. Nf3 O-O 6. Be2 Nbd7 7.
O-O e5 8. d5 Qe7 9. Ne1 c5 10.
a3 h6 11. b4 b6 12. Nd3 Nh7 13. a4 a5 14. bxc5 bxc5 15. Nb5 f5 16. f3 Ndf6 17.
Nf2 Ng5 18. Bd3 f4 19. Rb1 h5 20. Nc3 Nf7 21. g3 fxg3 22. hxg3 h4 23. g4 Nh7 24. Nh3 Nfg5 25. Nxg5 Nxg5 26. Rb6 Qf6 27. Be2 Ra6 28. Rc6 Ra7 29. Nb5 Rd7 30. Kh2 Nf7 31. Be3 Bh6 32.
Qd2 Bxe3 33. Qxe3 Ng5 34. Rb6 Rdd8 35. Nxd6 Rxd6 36. Rxd6 Nxf3+ 37. Rxf3 Qxd6 38. Rxf8+ Qxf8 39. Bf3 Bd7 40. Kh3 Bxa4 41. Kxh4 Bd7 42. Kg3 Kg7 43. Qg5 Qf4+ 44. Qxf4 exf4+ 45. Kxf4 a4 46. Bd1 a3 47. Bb3 Ba4 48. Ba2 Bc2 49. e5 Kf7 50.
g5 Ke7 51. Ke3 Kd7 52. Kd2 Bf5 53. Kc3 Kc7 54. Kb3 Kb6 55. Kxa3 Ka5 56. Kb3 Bd3 57.
Kc3 Bf5 58. Bb3 Kb6 59. Bc2 Bxc2 60. Kxc2 1-0

[Event "Early-Titled-Tuesday-Blitz-April-02-2024"]
[Site "Chess.com"]
[Date "2024.04.02"]
[Round "5"]
[White "Pragmatist237"]
[Black "IsuruAlahakoon"]
[Result "1-0"]
[WhiteElo "2271"]
[BlackElo "2389"]
[TimeControl "180+1"]
[EndTime "8:55:47 PDT"]
[Termination "Pragmatist237 won on time"]

1. c4 e5 2. g3 Nc6 3. Bg2 Bc5 4. e3 d6 5. Ne2 a6 6. O-O Ba7 7.
d4 h5 8. Nbc3 h4 9. Bxc6+ bxc6 10. dxe5 Bh3 11. Re1 dxe5 12. Qxd8+ Rxd8 13. b3 Nf6 14. Ba3 Ng4 15. Rad1 hxg3 16. Nxg3 Rxd1 17. Nxd1 g6 18. c5 f5 19. b4 e4 20. Nb2 Ne5 21. Rc1 Nf3+ 22. Kh1 Bg4 23. Nf1 Ne5 24. Nc4 Nd3 25. Rc2 Ne1 26. Rc1 Nd3 27. Rc2 Bf3+ 28. Kg1 Ke7 29. Nb2 Ne5 30. Na4 Rh5 31. Bb2 Bd1 32.
Rd2 Nf3+ 33. Kg2 Nxd2 34. Nxd2 Bxa4 35. Be5 1-0

[Event "Early-Titled-Tuesday-Blitz-April-02-2024"]
[Site "Chess.com"]
[Date "2024.04.02"]
[Round "5"]
[White "Incognito_Knight"]
[Black "Der_Balak_3Halak"]
[Result "1-0"]
[WhiteElo "2729"]
[BlackElo "2417"]
[TimeControl "180+1"]
[EndTime "8:55:48 PDT"]
[Termination "Incognito_Knight won by checkmate"]

1. e4 c5 2. d4 cxd4 3. Qxd4 Nc6 4. Qd3 e6 5. Nc3 Bc5 6. Qg3 Qf6 7. Nb5 Kf8 8. c3 a6 9. Nd6 h6 10. Be3 Bxe3 11. Qxe3 Qe5 12. O-O-O Nf6 13. f4 Qa5 14. Kb1 b5 15. e5 Nd5 16. Qc5 Qb6 17. Rxd5 Qxc5 18.
Rxc5 Ke7 19. Nf3 f6 20. Be2 Rf8 21. Rd1 Rb8 22. Nh4 Kd8 23. Ng6 Rg8 24. Bf3 Kc7 25.
Ne7 Rd8 26. Nxc6 Kb6 27. Nxd8 Kxc5 28. Nxc8 Rxc8 29. Rxd7 fxe5 30. fxe5 g5 31. Nxe6+ Kb6 32. Rd6+ Ka7 33. Nd4 Rf8 34. e6 g4 35. Bxg4 h5 36.
Bxh5 Rf1+ 37. Kc2 Re1 38. Be2 b4 39. e7 b3+ 40. axb3 Rxe2+ 41. Nxe2 a5 42. e8=Q a4 43. Qe7+ Kb8 44. Rd8# 1-0

[Event "Early-Titled-Tuesday-Blitz-April-02-2024"]
[Site "Chess.com"]
[Date "2024.04.02"]
[Round "5"]
[White "Vasily_IM"]
[Black "KarolKacprzak"]
[Result "0-1"]
[WhiteElo "2557"]
[BlackElo "2740"]
[TimeControl "180+1"]
[EndTime "8:55:48 PDT"]
[Termination "KarolKacprzak won by resignation"]

1. d4 Nf6 2. c4 e6 3. Nc3 Bb4 4. Qc2 d6 5. e4 c5 6. a3 cxd4 7. axb4 dxc3 8. bxc3 O-O 9. Nf3 e5 10.
Be2 Be6 11. O-O Qc7 12. Nd2 Nbd7 13. Qd3 b6 14. Rd1 Rfd8 15. Nf1 Nf8 16. Bg5 Qe7 17. Ne3 Ng6 18. Nd5 Bxd5 19. cxd5 Nf4 20. Qe3 N6xd5 21. Bxe7 Nxe3 22. fxe3 Nxe2+ 23. Kf2 Nxc3 24. Bxd8 Nxd1+ 25. Rxd1 Rxd8 26. Rc1 a5 27. Rc6 Ra8 28. Rxb6 axb4 29.
Rxb4 h5 30. Rb7 Ra6 31. Rd7 Rc6 32. Kf3 g6 33. g3 Kg7 34. h3 Kf6 35. g4 h4 36. Rd8 g5 37. Rd7 Ke6 38. Rd8 Rc2 39. Rg8 f6 40. Re8+ Kf7 41. Rd8 Ke7 42. Rh8 Rh2 43.
Rh7+ Ke6 44. Ra7 Rxh3+ 45. Ke2 Rg3 0-1